 Dungeon Crawl Stone Soup version 0.25-a0-356-g7c9d860b3b (webtiles) character file.

Game seed: 6731149834567569336, levelgen mode: deterministic

112 arb the Chopper (level 4, 0/41 HPs)
             Began as a Minotaur Berserker on Dec 4, 2019.
             Was a Believer of Trog.
             Slain by a worm (5 damage)
             ... on level 3 of the Dungeon on Jan 3, 2020.
             The game lasted 00:05:28 (1625 turns).

arb the Chopper (Minotaur Berserker)                Turns: 1625, Time: 00:05:29

Health: 0/41       AC:  2    Str: 22    XL:     4   Next: 63%
Magic:  3/3        EV: 12    Int:  4    God:    Trog [**....]
Gold:   100        SH:  0    Dex: 10    Spells: 3/3 levels left

rFire    . . .     SeeInvis .   j - +1 short sword (vamp)
rCold    . . .     Gourm    .   (no shield)
rNeg     . . .     Faith    .   b - +0 animal skin
rPois    .         Spirit   .   (helmet restricted)
rElec    .         Reflect  .   (no cloak)
rCorr    .         Harm     .   (no gloves)
MR       .....                  (no boots)
Stlth    +.........             (no amulet)
HPRegen  0.13/turn              (no ring)
MPRegen  0.08/turn              (no ring)

@: no status effects
A: retaliatory headbutt, horns 2
a: Berserk, Trog's Hand, Renounce Religion


You were on level 3 of the Dungeon.
You worshipped Trog.
Trog was pleased with you.
You were not hungry.

You visited 1 branch of the dungeon, and saw 3 of its levels.

You collected 100 gold pieces.

Inventory:

Hand Weapons
 a - a +0 hand axe
 j - a +1 vampiric short sword (weapon)
 r - a +0 hand axe
Armour
 b - a +0 animal skin (worn)
 m - a +0 scale mail
Jewellery
 l - an uncursed ring of magical power {unknown}
 n - an uncursed ring of stealth {unknown}
Wands
 p - a wand of random effects (25)
Scrolls
 d - a scroll of amnesia {unknown}
 e - 3 scrolls of identify {unknown}
 g - a scroll of teleportation {unknown}
 h - 2 scrolls of remove curse {unknown}
 q - 2 scrolls of immolation {unknown}
Potions
 i - a potion of flight {unknown}
 k - a potion of curing {unknown}
 o - 2 potions of ambrosia {unknown}
Comestibles
 c - 3 rations
 f - 9 chunks of flesh


   Skills:
 + Level 4.4 Fighting
 - Level 1.0 Short Blades
 * Level 4.9 Axes
 * Level 3.3 Armour
 + Level 2.8 Dodging


You had 3 spell levels left.
You didn't know any spells.
Your spell library was empty.

Dungeon Overview and Level Annotations

Branches:
Dungeon (3/15)

Altars:
Makhleb


Innate Abilities, Weirdness & Mutations

You reflexively headbutt those who attack you in melee.
You have a pair of horns on your head.


Message History

The orc wizard is heavily wounded.
The orc priest hits you with a +0 club. The orc wizard closely misses you.
The worm closely misses you. You furiously retaliate!
You headbutt the worm! You closely miss the orc wizard.
The orc wizard is heavily wounded.
The orc priest hits you but does no damage.
The orc wizard hits you with a cursed -3 dagger.
You hit the orc wizard.
You feel better.
Your headbutt misses the orc wizard.
The orc wizard is severely wounded.
The orc priest hits you but does no damage.
The worm bites you. The orc wizard closely misses you.
You puncture the orc wizard!
You feel better.
You kill the orc wizard!
Trog accepts your kill.
Trog appreciates your killing of a magic user.
The orc priest mumbles some strange prayers to Beogh against you.
Beogh smites you!
* * * LOW HITPOINT WARNING * * *
The worm bites you.
You die...

.. . ..
..####.
....... #
.....##.#
....#.####
#.†w....#
#.@# #o)#
#..# ....
.#...
#.####. #
. #.


You could see a worm and an orc priest.

Vanquished Creatures
  An orc wizard (D:3)
  An adder (D:3)
  A gnoll (D:2)
  4 dart slugs
  A leopard gecko (D:3)
  2 orcs (D:2)
  A giant cockroach (D:1)
  4 goblins
  6 hobgoblins
  3 jackals (D:2)
  A quokka (D:2)
  4 ball pythons
  6 bats
  3 frilled lizards
  9 kobolds
  9 rats
56 creatures vanquished.

Notes
Turn   | Place    | Note
-------+----------+-------------------------------------------
     0 | D:1      | arb the Minotaur Berserker began the quest for the Orb.
     0 | D:1      | Reached XP level 1. HP: 19/19 MP: 0/0
    76 | D:1      | Reached XP level 2. HP: 16/27 MP: 1/1
   389 | D:1      | Upgraded the game from 0.25-a0-248-g18654cfe15 to
                  | 0.25-a0-356-g7c9d860b3b
   769 | D:2      | Reached XP level 3. HP: 33/33 MP: 2/2
   906 | D:2      | Reached ** piety under Trog
  1152 | D:2      | Found a burning altar of Makhleb.
  1584 | D:3      | Reached skill level 1 in Short Blades
  1584 | D:3      | Reached XP level 4. HP: 36/40 MP: 3/3
  1625 | D:3      | Slain by a worm

Levels and vault maps discovered:
D:1:      evilmike_arrival_plus, layout_basic, minmay_pentomino_t4
D:2:      minmay_inner_zag, layout_basic, lemuel_crystal_altar
D:3:      layout_loops_cross, grunt_gozag_breadcrumbs

Skill      XL: |  1  2  3 |
---------------+----------+-----
Axes           | 4 |  4.9
Fighting       | 4 |  4.4
Armour         | 3 |  3.3
Short Blades   | 1 |  1.0
Dodging        | |  2.8

Action                   |  1- 3 |  4- 6 || total
-------------------------+-------+-------++-------
Melee: Hand axe          |    21 |       ||    21
       Headbutt          |    13 |     1 ||    14
       Short sword       |    89 |    13 ||   102
 Stab: Sleeping          |     1 |       ||     1
  Eat: Chunk             |     2 |       ||     2
Armor: Animal skin       |    20 |     4 ||    24
Dodge: Dodged            |    85 |    15 ||   100

Table legend:
 A = Non-vault XP
 B = Vault XP
 C = Vault XP percentage of total XP
 D = Non-vault monster count
 E = Vault monster count
 F = Vault count percentage of total count
                 A         B        C        D         E       F
            +---------+---------+-------+---------+---------+-------
      Total |     133 |      27 |  16.9 |      48 |       8 |  14.3
            +---------+---------+-------+---------+---------+-------
        D:1 |      33 |       6 |  15.4 |      20 |       4 |  16.7
        D:2 |      41 |      21 |  33.9 |      23 |       4 |  14.8
        D:3 |      59 |       0 |   0.0 |       5 |       0 |   0.0
            +---------+---------+-------+---------+---------+-------
